[Event "6th Uppsala Young Champions 2019"]
[Site "Uppsala"]
[Date "2019.10.30"]
[Round "8.14"]
[White "Soderstrom, Adrian"]
[Black "Dingertz, Erik"]
[Result "1-0"]
[ECO "D38"]
[WhiteElo "1960"]
[BlackElo "1908"]
[Annotator "NA RC"]
[PlyCount "53"]
[EventDate "2019.10.25"]
[EventType "swiss"]
[EventCountry "SWE"]
[SourceTitle "playchess.com"]
[Source "ChessBase"]
[SourceQuality "1"]
[TimeControl "5400+30"]

1. d4 Nf6 2. c4 e6 3. Nf3 d5 4. Nc3 Bb4 5. Qb3 c5 6. dxc5 Nc6 {[%emt 0:00:30] D38: Queen's Gambit Declined: Ragozin Defence (4 Nf3 Bb4)} (6... Na6 7. a3 Bxc3+ 8. Qxc3 Nxc5 9. cxd5 Qxd5 10. Be3 Nce4 11. Qb4 a5 12. Qd4 O-O 13. Ne5 a4 14. Nd3 {0-1 (57) Navara,D (2739)-Vidit,S (2711) Prague 2019}) 7. Bg5 Qa5 8. Bxf6 gxf6 9. e3 dxc4 10. Bxc4 Qxc5 $146 ({Predecessor:} 10... Rg8 11. O-O Bxc3 12. Qxc3 Qxc3 13. bxc3 Bd7 14. Rab1 Rc8 15. Rfd1 Nd8 16. Nd2 a6 17. Ne4 Ke7 18. Rxd7+ {1-0 (18) Arnold,F (2320)-Korsos,I (2165) Hungary 1996}) 11. Be2 e5 12. O-O Be6 13. Qa4 Bxc3 14. bxc3 Rg8 15. Rfd1 Rg4 16. Qc2 Ke7 (16... f5 $16) 17. Rab1 b6 18. Nd2 Rag8 19. Bxg4 Bxg4 20. Ne4 Qc4 21. Nd6 $18 Bxd1 22. Rxd1 Qg4 23. Nf5+ Ke8 24. g3 e4 25. Nh6 Qf3 26. Nxg8 Ne5 27. Nxf6+ 1-0

[Event "6th Uppsala Young Champions 2019"]
[Site "Uppsala"]
[Date "2019.10.30"]
[Round "8.15"]
[White "Mitra, Akash"]
[Black "Ostensson, Julia"]
[Result "1-0"]
[ECO "C44"]
[WhiteElo "1936"]
[BlackElo "1483"]
[Annotator "NA"]
[PlyCount "65"]
[EventDate "2019.10.25"]
[EventType "swiss"]
[EventCountry "SWE"]
[SourceTitle "playchess.com"]
[Source "ChessBase"]
[SourceQuality "1"]
[TimeControl "5400+30"]

1. e4 e5 2. d4 exd4 3. Nf3 Nc6 4. Bc4 Bc5 5. c3 dxc3 {[%emt 0:00:30] [#]} 6. Bxf7+ $1 {[%emt 0:00:30] Decoy} Kxf7 7. Qd5+ Kf8 8. Qxc5+ Qe7 9. Qe3 d6 10. Nxc3 Nf6 11. h3 Be6 (11... Nb4 $11 {remains equal.} 12. Kd1 Be6) 12. O-O Re8 13. b3 Qd7 14. Qf4 $14 Ne7 15. Ba3 Ng6 16. Qg5 Kf7 17. Rad1 Qc6 18. Rc1 Qa6 19. Bb2 c6 20. Rcd1 Rd8 21. e5 dxe5 22. Nxe5+ Nxe5 23. Qxe5 Rxd1 24. Rxd1 Rg8 25. Qc7+ Kg6 26. Qe5 Bc8 27. Ne4 Qe2 28. Qg5+ Kf7 29. Nd6+ Ke6 30. Qf5+ Ke7 31. Bxf6+ gxf6 32. Nxc8+ Rxc8 33. Qd7+ 1-0

[Event "6th Uppsala Young Champions 2019"]
[Site "Uppsala"]
[Date "2019.10.30"]
[Round "8.16"]
[White "Skahlberg Bjerknes-Lima de Far, Warg"]
[Black "Ostlund, Joar"]
[Result "1/2-1/2"]
[ECO "D53"]
[WhiteElo "1637"]
[BlackElo "1955"]
[Annotator "NA"]
[PlyCount "121"]
[EventDate "2019.10.25"]
[EventType "swiss"]
[EventCountry "SWE"]
[SourceTitle "playchess.com"]
[Source "ChessBase"]
[SourceQuality "1"]
[TimeControl "5400+30"]

1. c4 e6 2. Nc3 d5 3. d4 Nf6 4. Bg5 Be7 5. e3 c6 6. Nf3 Nbd7 7. Bd3 dxc4 8. Bxc4 b5 9. Bd3 a6 10. Qc2 c5 11. Bxf6 gxf6 12. d5 f5 13. Rd1 Bb7 14. Be2 $11 ({White should try} 14. a4 $14) 14... Qb6 15. O-O Rd8 16. Rd2 O-O 17. Rfd1 Nf6 18. dxe6 fxe6 19. Ne5 Bd6 20. Nf3 Rd7 21. Qb3 c4 22. Bxc4 Kg7 23. Bxe6 Rdd8 24. Bxf5 Bxf3 25. gxf3 Qc5 26. Nd5 Kh8 27. Nxf6 Rxf6 28. Qc3 Qxf5 29. Rxd6 Rg8+ 30. Kf1 Qh3+ 31. Ke1 Rg1+ 32. Kd2 Rxd1+ 33. Kxd1 Qf1+ 34. Kc2 Qe2+ 35. Rd2 Qxf3 36. Qc8+ Kg7 37. Qd7+ Kh6 38. Qd5 Qxd5 39. Rxd5 Rxf2+ 40. Rd2 Rf6 41. Rg2 Rd6 42. Rg8 Kh5 43. e4 Rd4 44. Re8 Kg5 45. Re6 h5 46. b3 b4 47. Rxa6 Rxe4 48. Rd6 h4 49. Rd2 h3 50. Kd3 Re8 51. Kc4 Re4+ 52. Kd3 Re8 53. Re2 Rb8 54. Kc4 Kf4 55. Kd3 Kf3 56. Re7 Kg2 57. Re2+ Kf1 58. Re3 Kg2 59. Re2+ Kg1 60. Kc4 Rb7 61. Rd2 1/2-1/2

[Event "6th Uppsala Young Champions 2019"]
[Site "Uppsala"]
[Date "2019.10.30"]
[Round "9.1"]
[White "Roshka, Yevgeniy"]
[Black "Pantzar, Milton"]
[Result "1/2-1/2"]
[ECO "D79"]
[WhiteElo "2369"]
[BlackElo "2376"]
[Annotator "NA"]
[PlyCount "59"]
[EventDate "2019.10.25"]
[EventType "swiss"]
[EventCountry "SWE"]
[SourceTitle "playchess.com"]
[Source "ChessBase"]
[SourceQuality "1"]
[TimeControl "5400+30"]

1. Nf3 d5 2. g3 g6 3. c4 c6 4. Bg2 Nf6 5. cxd5 cxd5 6. d4 Bg7 7. O-O O-O 8. Nc3 Ne4 9. Nxe4 dxe4 10. Ne5 Bf5 11. g4 Bxe5 12. dxe5 Bxg4 13. Bh6 Qxd1 14. Rfxd1 Rc8 15. Bxe4 Nc6 16. f3 Be6 17. Rd2 Rd8 18. Bxc6 Rxd2 19. Bxd2 bxc6 20. Rc1 Rc8 21. Rc5 a6 22. a3 f6 23. exf6 exf6 24. Kf2 Kf7 25. Ra5 Ra8 26. Rc5 Rc8 27. Ra5 Ra8 28. Rc5 Rc8 29. Ra5 Ra8 30. Rc5 1/2-1/2

[Event "6th Uppsala Young Champions 2019"]
[Site "Uppsala"]
[Date "2019.10.30"]
[Round "9.2"]
[White "Mihajlov, Sebastian"]
[Black "Thorhallsson, Simon"]
[Result "1-0"]
[ECO "E73"]
[WhiteElo "2387"]
[BlackElo "2190"]
[Annotator "NA"]
[PlyCount "63"]
[EventDate "2019.10.25"]
[EventType "swiss"]
[EventCountry "SWE"]
[SourceTitle "playchess.com"]
[Source "ChessBase"]
[SourceQuality "1"]
[TimeControl "5400+30"]

1. d4 Nf6 2. c4 g6 3. Nc3 Bg7 4. e4 d6 5. Be3 O-O 6. Be2 c5 7. d5 e6 8. Nf3 exd5 9. cxd5 a6 10. a4 Ng4 11. Bg5 Bf6 12. Bf4 Qe7 13. Nd2 Ne5 14. O-O Bg7 15. Bg3 f5 16. f4 Nf7 17. Re1 Nd7 18. exf5 Bxc3 19. bxc3 Qe3+ 20. Kh1 Qxc3 21. Ne4 Qg7 22. fxg6 hxg6 23. Bh4 Nh6 24. Bg5 Nf5 25. Bg4 Nb6 26. Qb3 Nd4 27. Qxb6 Bxg4 28. Qxd6 Nc2 29. Nf6+ Kh8 30. Nxg4 Nxa1 31. Re7 Rae8 32. Bf6 1-0

[Event "6th Uppsala Young Champions 2019"]
[Site "Uppsala"]
[Date "2019.10.30"]
[Round "9.3"]
[White "Sorensen, Hampus"]
[Black "Storme, Isak"]
[Result "1-0"]
[ECO "E09"]
[WhiteElo "2330"]
[BlackElo "2244"]
[Annotator "NA"]
[PlyCount "103"]
[EventDate "2019.10.25"]
[EventType "swiss"]
[EventCountry "SWE"]
[SourceTitle "playchess.com"]
[Source "ChessBase"]
[SourceQuality "1"]
[TimeControl "5400+30"]

1. d4 e6 2. c4 d5 3. Nf3 c6 4. Nbd2 Nf6 5. g3 Be7 6. Bg2 O-O 7. O-O b6 8. Qc2 Bb7 9. e4 Nbd7 10. e5 Ne8 11. cxd5 cxd5 12. Re1 Rc8 13. Qa4 Nc7 14. Nf1 Ba6 15. h4 Bd3 16. Bg5 b5 17. Qd1 Be4 18. N1d2 Bf5 19. Rc1 f6 20. Bf4 g5 21. exf6 gxf4 22. fxe7 Qxe7 23. Ne5 Nxe5 24. Rxe5 Qg7 25. Kh2 Kh8 26. Bh3 Rg8 27. g4 Bxg4 28. Bxg4 Qxg4 29. Qxg4 Rxg4 30. Nf3 Rg7 31. Rg5 Rcg8 32. Rc6 h6 33. Rxg7 Rxg7 34. Ne5 Kg8 35. h5 Kf8 36. Ng6+ Ke8 37. Nxf4 Re7 38. Ng6 Rg7 39. a3 Kd7 40. Ne5+ Kc8 41. f4 Rg8 42. f5 exf5 43. Rxh6 Ne8 44. Re6 Rh8 45. h6 Ng7 46. Rg6 Nh5 47. Nf7 Rh7 48. Ng5 Re7 49. h7 Re2+ 50. Kg1 Re1+ 51. Kf2 Re2+ 52. Kf3 1-0

[Event "6th Uppsala Young Champions 2019"]
[Site "Uppsala"]
[Date "2019.10.30"]
[Round "9.4"]
[White "Abdrlauf, Elham"]
[Black "Berglind, Axel"]
[Result "0-1"]
[ECO "B88"]
[WhiteElo "2213"]
[BlackElo "2062"]
[Annotator "NA"]
[PlyCount "104"]
[EventDate "2019.10.25"]
[EventType "swiss"]
[EventCountry "SWE"]
[SourceTitle "playchess.com"]
[Source "ChessBase"]
[SourceQuality "1"]
[TimeControl "5400+30"]

1. e4 c5 2. Nf3 d6 3. d4 cxd4 4. Nxd4 Nf6 5. Nc3 a6 6. Bc4 e6 7. Bb3 Be7 8. f4 O-O 9. Qf3 Nc6 10. Be3 Bd7 11. f5 Ne5 12. Qe2 exf5 13. Nxf5 Bxf5 14. exf5 Rc8 15. O-O-O Re8 16. h3 Qa5 17. g4 Rxc3 18. bxc3 Ne4 19. Bd4 Nxc3 20. Bxc3 Qxc3 21. Kb1 b5 22. Qd2 Qc7 23. g5 Nc4 24. Bxc4 bxc4 25. c3 Qa5 26. Ka1 Bxg5 27. Rhe1 Rxe1 28. Qxe1 h6 29. f6 Bxf6 30. Qe8+ Kh7 31. Qe4+ g6 32. Qxc4 Bxc3+ 33. Kb1 Qb4+ 34. Qxb4 Bxb4 35. Kc2 f5 36. Kb3 a5 37. Kc4 g5 38. Kd3 Kg6 39. Ke2 h5 40. Kf3 Kf6 41. h4 g4+ 42. Kf4 Ba3 43. Rd5 Bc1+ 44. Kg3 Ke6 45. Rxa5 f4+ 46. Kg2 f3+ 47. Kf2 d5 48. a4 d4 49. Rxh5 Be3+ 50. Kg3 d3 51. Rh8 Bf4+ 52. Kf2 d2 0-1

[Event "6th Uppsala Young Champions 2019"]
[Site "Uppsala"]
[Date "2019.10.30"]
[Round "9.5"]
[White "Crevatin, Leo"]
[Black "Nilsson, Joakim"]
[Result "1/2-1/2"]
[ECO "E14"]
[WhiteElo "2221"]
[BlackElo "2305"]
[Annotator "NA"]
[PlyCount "64"]
[EventDate "2019.10.25"]
[EventType "swiss"]
[EventCountry "SWE"]
[SourceTitle "playchess.com"]
[Source "ChessBase"]
[SourceQuality "1"]
[TimeControl "5400+30"]

1. d4 d5 2. c4 e6 3. Nf3 Nf6 4. e3 Be7 5. b3 O-O 6. Bb2 b6 7. Bd3 Bb7 8. O-O Nbd7 9. Nbd2 c5 10. Rc1 Rc8 11. Qe2 dxc4 12. Bxc4 Ne4 13. Nxe4 Bxe4 14. Rfd1 Qc7 15. dxc5 bxc5 16. Bd3 Bxd3 17. Qxd3 Rfd8 18. Qc2 Bf6 19. h3 h6 20. Bxf6 Nxf6 21. Rxd8+ Qxd8 22. Rd1 Qa5 23. Ne5 Nd5 24. Nc4 Qc7 25. Qd2 Nb6 26. Nxb6 axb6 27. Qd7 c4 28. Qxc7 Rxc7 29. bxc4 Rxc4 30. Rd8+ Kh7 31. Rb8 Ra4 32. Rxb6 Rxa2 1/2-1/2

[Event "6th Uppsala Young Champions 2019"]
[Site "Uppsala"]
[Date "2019.10.30"]
[Round "9.6"]
[White "Palozza, Christian"]
[Black "Kristensen, Bjarke Hautop"]
[Result "0-1"]
[ECO "E62"]
[WhiteElo "2187"]
[BlackElo "2223"]
[Annotator "NA"]
[PlyCount "82"]
[EventDate "2019.10.25"]
[EventType "swiss"]
[EventCountry "SWE"]
[SourceTitle "playchess.com"]
[Source "ChessBase"]
[SourceQuality "1"]
[TimeControl "5400+30"]

1. d4 Nf6 2. c4 g6 3. Nf3 Bg7 4. g3 O-O 5. Bg2 d6 6. Nc3 Nc6 7. O-O Rb8 8. Bf4 h6 9. h3 g5 10. Be3 g4 11. hxg4 Nxg4 12. Qd2 a6 13. d5 Na5 14. b3 Nxe3 15. Qxe3 c5 16. Rac1 b5 17. cxb5 axb5 18. Nh4 Qe8 19. Be4 f5 20. Bb1 Bd7 21. Rfd1 Qf7 22. g4 fxg4 23. Ng6 Rbe8 24. Nxf8 Rxf8 25. Ne4 Bf5 26. Kg2 Nb7 27. a4 bxa4 28. bxa4 Bb2 29. Qxh6 Bxc1 30. Rxc1 Bxe4+ 31. Bxe4 Qxf2+ 32. Kh1 Rf7 33. Qg6+ Kf8 34. Qxg4 Rf4 35. Qc8+ Nd8 36. Qxd8+ Kf7 37. Bg6+ Kxg6 38. Qg8+ Kh6 39. Qe6+ Kh5 40. Rc3 Qf1+ 41. Kh2 Rf2+ 0-1

[Event "6th Uppsala Young Champions 2019"]
[Site "Uppsala"]
[Date "2019.10.30"]
[Round "9.7"]
[White "Papunidi, Matvey"]
[Black "Narva, David"]
[Result "1-0"]
[ECO "A21"]
[WhiteElo "2083"]
[BlackElo "1979"]
[Annotator "NA"]
[PlyCount "37"]
[EventDate "2019.10.25"]
[EventType "swiss"]
[EventCountry "SWE"]
[SourceTitle "playchess.com"]
[Source "ChessBase"]
[SourceQuality "1"]
[TimeControl "5400+30"]

1. c4 e5 2. Nc3 d6 3. g3 f5 4. Bg2 Nf6 5. e3 Be7 6. Nge2 c6 7. O-O O-O 8. d3 Na6 9. Rb1 d5 10. cxd5 cxd5 11. Qb3 Nc5 12. Qc2 Na6 13. Qb3 Nc5 14. Qc2 Na6 15. a3 Be6 16. b4 Rc8 17. Qd2 Qd7 18. Bb2 Ne8 19. f4 1-0

[Event "6th Uppsala Young Champions 2019"]
[Site "Uppsala"]
[Date "2019.10.30"]
[Round "9.8"]
[White "Carlsson, Ludvig"]
[Black "Trost, Edvin"]
[Result "1-0"]
[ECO "D37"]
[WhiteElo "2066"]
[BlackElo "1982"]
[Annotator "NA"]
[PlyCount "79"]
[EventDate "2019.10.25"]
[EventType "swiss"]
[EventCountry "SWE"]
[SourceTitle "playchess.com"]
[Source "ChessBase"]
[SourceQuality "1"]
[TimeControl "5400+30"]

1. Nf3 Nf6 2. c4 e6 3. d4 d5 4. Nc3 a6 5. cxd5 exd5 6. Bg5 Be6 7. e3 Nbd7 8. h3 Bd6 9. Bd3 c6 10. Bf4 Qc7 11. Qd2 O-O 12. O-O Rfe8 13. a4 h6 14. a5 Bxf4 15. exf4 Ne4 16. Nxe4 dxe4 17. Bxe4 Bxh3 18. Ne5 Be6 19. Ra3 f5 20. Bb1 Nxe5 21. dxe5 Rad8 22. Qe3 Qf7 23. Rc1 Rd7 24. Rd3 Red8 25. Rcd1 Bc4 26. Rd6 Bd5 27. R1xd5 cxd5 28. e6 Rxd6 29. exf7+ Kxf7 30. Bxf5 d4 31. Qb3+ Kf6 32. Bd3 Rb8 33. Qb4 Ke7 34. Bxa6 Kd7 35. Bb5+ Ke6 36. a6 Ke7 37. Bd3 b5 38. Be4 d3 39. a7 d2 40. Qxd6+ 1-0

[Event "6th Uppsala Young Champions 2019"]
[Site "Uppsala"]
[Date "2019.10.30"]
[Round "9.9"]
[White "Vitenberg, Noam Aviv"]
[Black "Rasti, Arvin"]
[Result "0-1"]
[ECO "A67"]
[WhiteElo "2223"]
[BlackElo "2179"]
[Annotator "NA"]
[PlyCount "114"]
[EventDate "2019.10.25"]
[EventType "swiss"]
[EventCountry "SWE"]
[SourceTitle "playchess.com"]
[Source "ChessBase"]
[SourceQuality "1"]
[TimeControl "5400+30"]

1. d4 Nf6 2. c4 c5 3. d5 e6 4. Nc3 exd5 5. cxd5 d6 6. e4 g6 7. f4 Bg7 8. Bb5+ Nfd7 9. Be2 O-O 10. Nf3 Na6 11. O-O Rb8 12. Nd2 Nf6 13. a4 Re8 14. Bf3 h5 15. h3 Ng4 16. Nb3 Nh6 17. f5 Nb4 18. fxg6 fxg6 19. Bxh5 gxh5 20. Qxh5 Re5 21. Qg6 Qh4 22. Bf4 Nd3 23. Bg3 Qe7 24. Rf3 Nf7 25. Bh4 Qxh4 26. Qxf7+ Kh8 27. Qc7 Ra8 28. Rxd3 Re7 29. Qd8+ Kh7 30. Rf3 Bg4 31. hxg4 Rxd8 32. Rh3 Qxh3 33. gxh3 Bxc3 34. bxc3 Rxe4 35. Na5 Rd7 36. Kf2 Rf7+ 37. Kg1 b6 38. Nc6 Re3 39. Nd8 Rg3+ 40. Kh2 Rff3 41. Ne6 Rxh3+ 42. Kg2 Rfg3+ 43. Kf2 Rxg4 44. a5 b5 45. Rb1 Rxc3 46. Rb2 b4 47. Rxb4 Re4 48. Rb5 Rb4 49. Nc7 a6 50. Rb6 Rxb6 51. axb6 Rb3 52. Nxa6 Rxb6 53. Nc7 Kg6 54. Ke3 Kf5 55. Kd3 Ke5 56. Kc4 Rb4+ 57. Kc3 Rd4 0-1

[Event "6th Uppsala Young Champions 2019"]
[Site "Uppsala"]
[Date "2019.10.30"]
[Round "9.10"]
[White "Apol, Luitjen Akselsson"]
[Black "Soderstrom, Adrian"]
[Result "0-1"]
[ECO "C84"]
[WhiteElo "2129"]
[BlackElo "1960"]
[Annotator "NA"]
[PlyCount "60"]
[EventDate "2019.10.25"]
[EventType "swiss"]
[EventCountry "SWE"]
[SourceTitle "playchess.com"]
[Source "ChessBase"]
[SourceQuality "1"]
[TimeControl "5400+30"]

1. e4 e5 2. Nf3 Nc6 3. Bb5 a6 4. Ba4 Nf6 5. d3 d6 6. c3 Be7 7. O-O O-O 8. Re1 Nd7 9. Nbd2 Nb6 10. Bc2 f5 11. exf5 Bxf5 12. Nf1 Kh8 13. Ng3 Bg4 14. d4 Bxf3 15. gxf3 exd4 16. Qd3 g6 17. f4 dxc3 18. f5 Ne5 19. Qe4 Bf6 20. fxg6 Nxg6 21. Bh6 cxb2 22. Rad1 Rf7 23. Nh5 Be5 24. f4 Qh4 25. fxe5 Qxh5 26. e6 Re7 27. Be3 Rg8 28. Kh1 Rxe6 29. Bd4+ Ne5 30. Rg1 Qxh2+ 0-1

[Event "6th Uppsala Young Champions 2019"]
[Site "Uppsala"]
[Date "2019.10.30"]
[Round "9.11"]
[White "Muntean, Victor"]
[Black "Wernberg, Hugo"]
[Result "0-1"]
[ECO "B27"]
[WhiteElo "2020"]
[BlackElo "2006"]
[Annotator "NA"]
[PlyCount "50"]
[EventDate "2019.10.25"]
[EventType "swiss"]
[EventCountry "SWE"]
[SourceTitle "playchess.com"]
[Source "ChessBase"]
[SourceQuality "1"]
[TimeControl "5400+30"]

1. e4 c5 2. c3 g6 3. Nf3 Bg7 4. d4 cxd4 5. cxd4 d5 6. e5 Nh6 7. Nc3 O-O 8. Qb3 Nc6 9. Qxd5 Bg4 10. Be3 Qxd5 11. Nxd5 Rad8 12. Nc3 Bxf3 13. gxf3 Nxd4 14. O-O-O Nxf3 15. e6 Rxd1+ 16. Kxd1 fxe6 17. Bc4 Nd4 18. Ne2 Nhf5 19. Nf4 Rd8 20. Ke1 Rc8 21. b3 b5 22. Be2 Nc2+ 23. Kf1 Ncxe3+ 24. fxe3 Rc1+ 25. Kg2 Nxe3+ 0-1

[Event "6th Uppsala Young Champions 2019"]
[Site "Uppsala"]
[Date "2019.10.30"]
[Round "9.12"]
[White "Fjallheim, Leif Reinert"]
[Black "Falkevall, Axel"]
[Result "1/2-1/2"]
[ECO "D02"]
[WhiteElo "1985"]
[BlackElo "2036"]
[Annotator "NA"]
[PlyCount "62"]
[EventDate "2019.10.25"]
[EventType "swiss"]
[EventCountry "SWE"]
[SourceTitle "playchess.com"]
[Source "ChessBase"]
[SourceQuality "1"]
[TimeControl "5400+30"]

1. d4 Nf6 2. Bf4 d5 3. e3 c5 4. Nd2 Nc6 5. Ngf3 e6 6. c3 Bd6 7. Bg3 O-O 8. Bd3 b6 9. e4 Be7 10. dxc5 bxc5 11. O-O Bb7 12. Re1 Re8 13. exd5 exd5 14. Qc2 Qb6 15. Ne5 Rad8 16. Ndf3 Nxe5 17. Bxe5 h6 18. Qb3 c4 19. Qxb6 axb6 20. Bc2 Nd7 21. Ba4 Bc5 22. Bc7 Rxe1+ 23. Rxe1 Rc8 24. Bg3 Nf6 25. Nd4 Ne4 26. f3 Nxg3 27. hxg3 Bc6 28. Bxc6 Rxc6 29. Re8+ Kh7 30. Kf1 Bxd4 31. cxd4 c3 1/2-1/2

[Event "6th Uppsala Young Champions 2019"]
[Site "Uppsala"]
[Date "2019.10.30"]
[Round "9.13"]
[White "Vainerchuk, Barys"]
[Black "Nguyen, Gabriel"]
[Result "1-0"]
[ECO "B41"]
[WhiteElo "2136"]
[BlackElo "2071"]
[Annotator "NA"]
[PlyCount "43"]
[EventDate "2019.10.25"]
[EventType "swiss"]
[EventCountry "SWE"]
[SourceTitle "playchess.com"]
[Source "ChessBase"]
[SourceQuality "1"]
[TimeControl "5400+30"]

1. e4 c5 2. Nf3 e6 3. d4 cxd4 4. Nxd4 a6 5. c4 Nf6 6. Nc3 Qc7 7. Be3 Bb4 8. Qc2 Bxc3+ 9. Qxc3 Nxe4 10. Nb5 axb5 11. Qxg7 Qa5+ 12. Ke2 Rf8 13. Bh6 Qb4 14. f3 Qxc4+ 15. Kd1 Nf2+ 16. Ke1 Qc5 17. Rc1 Qb4+ 18. Bd2 Nd3+ 19. Bxd3 Qh4+ 20. g3 Qd8 21. Bh6 Ke7 22. Bg5+ 1-0

[Event "6th Uppsala Young Champions 2019"]
[Site "Uppsala"]
[Date "2019.10.30"]
[Round "9.14"]
[White "Grahn, Vidar"]
[Black "Mitra, Akash"]
[Result "1-0"]
[ECO "B78"]
[WhiteElo "1926"]
[BlackElo "1936"]
[Annotator "NA"]
[PlyCount "107"]
[EventDate "2019.10.25"]
[EventType "swiss"]
[EventCountry "SWE"]
[SourceTitle "playchess.com"]
[Source "ChessBase"]
[SourceQuality "1"]
[TimeControl "5400+30"]

1. e4 c5 2. Nf3 d6 3. d4 cxd4 4. Nxd4 Nf6 5. Nc3 g6 6. Be3 Bg7 7. f3 O-O 8. Qd2 Nc6 9. Bc4 Bd7 10. O-O-O Qa5 11. g4 Rfc8 12. Bb3 Ne5 13. Bh6 Bxh6 14. Qxh6 Rxc3 15. bxc3 Qxc3 16. Kb1 a5 17. a4 b5 18. axb5 a4 19. Ba2 a3 20. Qc1 Ra4 21. f4 Rxd4 22. Rxd4 Qxd4 23. fxe5 Qb4+ 24. Bb3 Nxe4 25. exd6 Qxd6 26. Re1 Qe5 27. b6 Bc6 28. Rxe4 Qxe4 29. Qxa3 e6 30. Qd6 Qf3 31. g5 Be4 32. Kb2 Kg7 33. Qd4+ Kg8 34. Qc3 Qg2 35. Qg3 Qh1 36. Bc4 Bb7 37. Qd6 Qe4 38. Kb3 Qh1 39. Qd8+ Kg7 40. Qf6+ Kg8 41. Qe5 Qc6 42. Qa5 Qh1 43. Kb2 Qxh2 44. Ba6 Bxa6 45. Qxa6 Qe5+ 46. c3 Qd5 47. b7 Qd2+ 48. Kb3 Qd1+ 49. Kb4 Qb1+ 50. Ka5 Qa1+ 51. Kb6 Qg1+ 52. Kc7 Qg3+ 53. Kd7 Kg7 54. Qd6 1-0

[Event "6th Uppsala Young Champions 2019"]
[Site "Uppsala"]
[Date "2019.10.30"]
[Round "9.15"]
[White "Dingertz, Erik"]
[Black "Ostlund, Joar"]
[Result "*"]
[ECO "A13"]
[WhiteElo "1908"]
[BlackElo "1955"]
[Annotator "NA"]
[PlyCount "36"]
[EventDate "2019.10.25"]
[EventType "swiss"]
[EventCountry "SWE"]
[SourceTitle "playchess.com"]
[Source "ChessBase"]
[SourceQuality "1"]
[TimeControl "5400+30"]

1. Nf3 d5 2. c4 e6 3. g3 Nf6 4. Bg2 c5 5. O-O Nc6 6. b3 Bd6 7. Bb2 Bd7 8. e3 O-O 9. Nc3 Rc8 10. Rc1 Re8 11. d4 cxd4 12. exd4 b6 13. Re1 dxc4 14. bxc4 Na5 15. Nb5 Nxc4 16. Rxc4 Bxb5 17. Rc5 Rc7 18. Rxc7 Qc8 *

[Event "6th Uppsala Young Champions 2019"]
[Site "Uppsala"]
[Date "2019.10.30"]
[Round "9.15"]
[White "Dingertz, Erik"]
[Black "Ostlund, Joar"]
[Result "0-1"]
[ECO "A13"]
[WhiteElo "1908"]
[BlackElo "1955"]
[Annotator "NA"]
[PlyCount "58"]
[EventDate "2019.10.25"]
[EventType "swiss"]
[EventCountry "SWE"]
[SourceTitle "playchess.com"]
[Source "ChessBase"]
[SourceQuality "1"]
[TimeControl "5400+30"]

1. Nf3 d5 2. c4 e6 3. g3 Nf6 4. Bg2 c5 5. O-O Nc6 6. b3 Bd6 7. Bb2 Bd7 8. e3 O-O 9. Nc3 Rc8 10. Rc1 Re8 11. d4 cxd4 12. exd4 b6 13. Re1 dxc4 14. bxc4 Na5 15. Nb5 Nxc4 16. Rxc4 Bxb5 17. Rxc8 Qxc8 18. Qb3 Bc6 19. Rc1 Qb7 20. Qc3 Bd5 21. Ne1 h6 22. a4 Ne4 23. Bxe4 Bxe4 24. f3 Bd5 25. Kf2 Qa6 26. a5 bxa5 27. Ra1 Rb8 28. Nd3 Rb3 29. Rxa5 Qxd3 0-1

[Event "6th Uppsala Young Champions 2019"]
[Site "Uppsala"]
[Date "2019.10.30"]
[Round "9.16"]
[White "Ostensson, Julia"]
[Black "Skahlberg Bjerknes-Lima de Far, Warg"]
[Result "1-0"]
[ECO "B74"]
[WhiteElo "1483"]
[BlackElo "1637"]
[Annotator "NA"]
[PlyCount "59"]
[EventDate "2019.10.25"]
[EventType "swiss"]
[EventCountry "SWE"]
[SourceTitle "playchess.com"]
[Source "ChessBase"]
[SourceQuality "1"]
[TimeControl "5400+30"]

1. e4 c5 2. Nf3 Nc6 3. d4 cxd4 4. Nxd4 g6 5. Nc3 Bg7 6. Be3 d6 7. Be2 Nf6 8. O-O O-O 9. Nb3 Bd7 10. f4 a6 11. g4 Rc8 12. g5 Ne8 13. f5 b5 14. Nd5 Rb8 15. f6 Bh8 16. Nd4 exf6 17. gxf6 Nxf6 18. Bg5 Nxd4 19. Bxf6 Nxe2+ 20. Qxe2 Bxf6 21. Nxf6+ Kg7 22. Qe3 Be6 23. Qc3 Qb6+ 24. Kg2 Qc5 25. Ne8+ Kh6 26. Qg7+ Kg5 27. h4+ Kxh4 28. Qh6+ Qh5 29. Rf4+ Bg4 30. Rh1# 1-0